 Dungeon Crawl Stone Soup version 0.29-a0-350-g7790a0e70a (webtiles) character file.

Game seed: 10611605250592618674

394 HendSelp the Ruffian (level 6, -2/43 HPs)
             Began as an Octopode Fighter on Apr 22, 2022.
             Slain by a goblin
             ... wielding a +0 dagger
              (4 damage)
             ... on level 4 of the Dungeon.
             The game lasted 00:03:05 (2995 turns).

HendSelp the Ruffian (Octopode Fighter)             Turns: 2995, Time: 00:03:05

Health: -2/43      AC:  1    Str: 28    XL:     6   Next: 81%
Magic:  8/8        EV: 14    Int: 12    God:
Gold:   190        SH:  0    Dex: 11    Spells: 6/8 levels left

rFire   . . .      SeeInvis .     - Unarmed
rCold   . . .      Faith    .   (no shield)
rNeg    . . .      Spirit   .   (helmet restricted)
rPois   .          Reflect  .   (no amulet)
rElec   .          Harm     .   e - +6 ring of strength
rCorr   .          Rampage  .   m - +6 ring of strength
Will    .....                   (no ring)
Stlth   ++........              (no ring)
HPRegen 0.14/turn               (no ring)
MPRegen 0.11/turn               (no ring)
                                (no ring)
                                (no ring)

@: no status effects
A: almost no armour, amphibious, 8 rings, camouflage 1, gelatinous body 1,
(nimble swimmer 1), tentacles
a: no special abilities


You were on level 4 of the Dungeon.
You visited 1 branch of the dungeon, and saw 4 of its levels.

You collected 190 gold pieces.

Inventory:

Missiles
 p - a throwing net (quivered)
Armour
 a - a +1 buckler
Jewellery
 e - a +6 ring of strength (left tentacle)
 m - a +6 ring of strength (right tentacle)
Scrolls
 c - 2 scrolls of magic mapping
 d - 2 scrolls of enchant armour
Potions
 f - a potion of flight
 g - a potion of curing
 h - a potion of magic {unknown}
 i - a potion of cancellation
 j - a potion of mutation {unknown}
 k - a potion of heal wounds {unknown}
 l - 2 potions of degeneration {unknown}
 n - a potion of invisibility {unknown}
 o - 2 potions of berserk rage {unknown}
 q - a potion of attraction {unknown}
 r - a potion of lignification {unknown}
 s - a potion of resistance {unknown}


   Skills:
 * Level 4.1 Fighting
 * Level 4.3 Dodging
 - Level 3.2 Shields
 * Level 4.9 Unarmed Combat
 * Level 1.6 Spellcasting


You had 6 spell levels left.
You knew the following spells:

 Your Spells              Type           Power      Damage    Failure   Level
a - Wereblood             Tmut           0%         N/A       41%         2

Your spell library contained the following spells:

 Spells                   Type           Power      Damage    Failure   Level
 Sublimation of Blood     Necr           0%         N/A       41%         2
 Summon Hydra             Summ           0%         N/A       100%        7


Dungeon Overview and Level Annotations

Branches:
Dungeon (4/15)
 Temple: D:4-7

Altars:
Fedhas
Makhleb
Xom
Zin


Innate Abilities, Weirdness & Mutations

You cannot wear most types of armour.
You are amphibious.
You can wear up to eight rings at the same time.
Your skin changes colour to match your surroundings (Stealth+).
Your rubbery body absorbs attacks. (AC +1, EV +1)
((You are camouflaged when in or above water. (Stealth+)))
You have tentacles for arms and can constrict up to eight enemies at once.


Message History

You bludgeon the gnoll!
You kill the gnoll!
The gnoll hits you from afar with a +0 spear.
The hobgoblin closely misses you.
Unknown command.
You closely miss the hobgoblin. Your grab misses the hobgoblin.
You closely miss the hobgoblin. You grab the hobgoblin.
You squeeze the hobgoblin.
You kill the hobgoblin!
The gnoll misses you.
A goblin comes into view. It is wielding a +0 dagger.
The goblin shouts!
The endoplasm attacks as you move away! The endoplasm hits you.
The endoplasm attacks as you move away! The endoplasm hits you.
Your magical contamination has completely faded away.
The endoplasm attacks as you move away! The endoplasm barely misses you.
The endoplasm attacks as you move away! The endoplasm hits you.
The endoplasm attacks as you move away! The endoplasm misses you.
The gnoll attacks as you move away! The gnoll hits you with a +0 whip!
* * * LOW HITPOINT WARNING * * *
The endoplasm jiggles.
You feel better. The endoplasm hits you.
* * * LOW HITPOINT WARNING * * *
The gnoll misses you.
Unknown command.
Unknown command.
Unknown command.
Unknown command.
The endoplasm attacks as you move away! The endoplasm hits you.
* * * LOW HITPOINT WARNING * * *
The gnoll attacks as you move away! The gnoll misses you.
Throw: 2 throwing nets
Press: ? - help, Q - select action, (/) - cycle Shift-Dir - straight line, f - gnoll
Aim: a gnoll, wielding a +0 whip (61% to hit)
You throw a throwing net.
The throwing net completely misses the gnoll.
The gnoll hits you with a +0 whip!
* * * LOW HITPOINT WARNING * * *
The goblin hits you with a +0 dagger.
You die...

#. ##.........##...
##.#####..##...##..###.
#....#_..###_._###.._#.
#....###..#######..###.
#......##.........##...
##.....<.#####.#######..
..........####'#...###..
...............'........
.######@...#.###........
####gg..#.....##..#..
#..SJ...#.....##..#..
#...g..(#.....##..#.#
#.......#............
#.......#########....
...
#.....###########..##
..##
#.....##...##......##
##....
#..........##.......#


You could see 2 gnolls, an adder, an endoplasm and a goblin.

Vanquished Creatures
  Sigmund (D:3)
  An iguana (D:3)
  Natasha (thrice) (D:3)
  6 adders
  2 gnolls (D:4)
  2 worms (D:2)
  2 dart slugs (D:2)
  6 endoplasms
  7 giant cockroaches
  2 goblins (D:3)
  7 hobgoblins
  4 jackals (D:3)
  5 kobolds
  A quokka (D:1)
  8 ball pythons
  3 bats
  2 frilled lizards
  5 rats
67 creatures vanquished.

Notes
Turn   | Place    | Note
-------+----------+-------------------------------------------
     0 | D:1      | HendSelp the Octopode Fighter began the quest for the Orb.
     0 | D:1      | Reached XP level 1. HP: 16/16 MP: 1/1
   417 | D:1      | Reached XP level 2. HP: 15/21 MP: 2/2
  1044 | D:1      | Found a faded altar of an unknown god.
  1336 | D:2      | Reached XP level 3. HP: 26/26 MP: 3/3
  1574 | D:3      | Reached XP level 4. HP: 26/32 MP: 4/4
  1632 | D:3      | Noticed Natasha
  1638 | D:3      | Killed Natasha
  1668 | D:2      | Reached XP level 5. HP: 14/37 MP: 6/6
  1995 | D:2      | Reached skill level 1 in Spellcasting
  2479 | D:3      | Noticed Sigmund
  2486 | D:3      | Killed Sigmund
  2487 | D:3      | Reached XP level 6. HP: 39/43 MP: 6/8
  2524 | D:3      | Noticed Natasha
  2530 | D:3      | Killed Natasha
  2549 | D:3      | Found a burning altar of Makhleb.
  2551 | D:3      | Noticed Natasha
  2556 | D:3      | Killed Natasha
  2789 | D:3      | Learned a level 2 spell: Wereblood
  2822 | D:4      | Found a faded altar of an unknown god.
  2822 | D:4      | Found a faded altar of an unknown god.
  2830 | D:4      | Found a shimmering altar of Xom.
  2832 | D:4      | Found a glowing silver altar of Zin.
  2834 | D:4      | Found a blossoming altar of Fedhas.
  2995 | D:4      | HP: 2/43 [gnoll/+0 whip (9)]
  2995 | D:4      | Slain by a goblin

Illustrated notes

Levels and vault maps discovered:
D:1:      lemuel_arrival_muddy, layout_basic,
          shapermc_ecumenical_altar_hornbeckon, serial_glass, glass_columns_a,
          glass_columns_a, hangedman_decor_slide_cut
D:2:      layout_basic, grunt_ministairs_10
D:3:      layout_rooms, lemuel_doored_altar, uniq_natasha, uniq_sigmund
D:4:      layout_basic, chequers_temple_overflow_minitemple, minmay_misc_feat_x,
          hangedman_decor_peaks_small, amethyst_killhole

Skill      XL: |  1  2  3  4  5 |
---------------+----------------+-----
Unarmed Combat | 3 4 |  4.9
Spellcasting   | 1 |  1.6
Fighting       | 4 |  4.1
Dodging        | 4 |  4.3
Shields        | |  3.2

Action                   |  1- 3 |  4- 6 || total
-------------------------+-------+-------++-------
Melee: Unarmed           |    60 |    66 ||   126
       Tentacles         |    11 |    21 ||    32
       Constrict         |    17 |    20 ||    37
       Punch             |     1 |     2 ||     3
Throw: Throwing net      |       |     3 ||     3
  Use: Scroll            |     6 |     3 ||     9
       Potion            |     1 |     3 ||     4
 Stab: Sleeping          |     7 |     3 ||    10
Armor: Skin              |       |     5 ||     5
Dodge: Dodged            |    34 |    44 ||    78
Block: Buckler           |     3 |       ||     3

Table legend: (Time is in decaauts)
 A = Elapsed time spent in this place.
 B = Non-inter-level travel time spent in this place.
 C = Inter-level travel time spent in this place.
 D = Time resting spent in this place.
 E = Time spent auto-exploring this place.
 F = Levels seen in this place.
 G = Mean time per level.
                   A        B        C        D        E       F      G
               +--------+--------+--------+--------+--------+-----+--------+
         Total |   2988 |   2909 |     79 |      0 |   2484 |   4 |  747.0 |
       Dungeon |   2988 |   2909 |     79 |      0 |   2484 |   4 |  747.0 |
               +--------+--------+--------+--------+--------+-----+--------+

Top non-repeatable levels by time:
     D:1: 1318 daAuts
     D:2: 767 daAuts
     D:3: 720 daAuts
     D:4: 182 daAuts
